 Dungeon Crawl Stone Soup version 0.27-a0-926-g0e6d9124c6 (webtiles) character file.

Game seed: 16488076350377683312

28 DarkShadow the Covered (level 2, -6/27 HPs)
             Began as a Minotaur Fighter on Apr 10, 2021.
             Killed by divine providence
             ... invoked by an orc priest
              (12 damage)
             ... on level 2 of the Dungeon.
             The game lasted 00:04:30 (1160 turns).

DarkShadow the Covered (Minotaur Fighter)           Turns: 1160, Time: 00:04:30

Health: -6/27      AC:  7    Str: 20    XL:     2   Next: 96%
Magic:  1/1        EV:  4    Int:  5    God:
Gold:   61         SH:  0    Dex:  9    Spells: 1/1 levels left

rFire    . . .     SeeInvis .   a - +0 war axe
rCold    . . .     Faith    .   c - +0 kite shield
rNeg     . . .     Spirit   .   b - +0 scale mail
rPois    .         Reflect  .   (helmet restricted)
rElec    .         Harm     .   (no cloak)
rCorr    .         Rampage  .   (no gloves)
Will     .....                  (no boots)
Stlth    ..........             (no amulet)
HPRegen  0.09/turn              (no ring)
MPRegen  0.07/turn              (no ring)

@: confused, constricted
A: horns 2, retaliatory headbutt
a: no special abilities


You were on level 2 of the Dungeon.
You visited 1 branch of the dungeon, and saw 2 of its levels.

You collected 61 gold pieces.

Inventory:

Hand Weapons
 a - a +0 war axe (weapon)
Armour
 b - a +0 scale mail (worn)
 c - a +0 kite shield (worn)
Jewellery
 f - an amulet of faith
Scrolls
 e - a scroll of enchant armour {unknown}
 g - 2 scrolls of teleportation {unknown}
 i - 2 scrolls of identify {unknown}
Potions
 d - a potion of might
 h - a potion of mutation {unknown}


   Skills:
 + Level 3.9 Fighting
 * Level 3.2 Axes
 + Level 4.0 Armour
 + Level 4.0 Shields


You had one spell level left.
You didn't know any spells.
Your spell library was empty.

Dungeon Overview and Level Annotations

Branches:
Dungeon (2/15)

Altars:

Shops:
D:1 =([=


Innate Abilities, Weirdness & Mutations

You have a pair of horns on your head.
You reflexively headbutt those who attack you in melee.


Message History

No target in view!
An orc, an orc priest and an orc wizard come into view.
The orc priest shouts!
The orc shouts!
The orc wizard shouts!
You hear an angry hiss.
You hear a shout!
An adder comes into view.
You closely miss the orc wizard.
The orc priest calls down the wrath of Beogh upon you.
Beogh smites you!
Ouch! That really hurt!
The orc wizard casts a spell at you. The magic dart hits you!
* * * LOW HITPOINT WARNING * * *
You are too injured to fight recklessly!
You are too injured to fight recklessly!
You are too injured to fight recklessly!
You are too injured to fight recklessly!
You are too injured to fight recklessly!
You are too injured to fight recklessly!
You are too injured to fight recklessly!
You are too injured to fight recklessly!
You are too injured to fight recklessly!
You are too injured to fight recklessly!
You are too injured to fight recklessly!
You are too injured to fight recklessly!
You are too injured to fight recklessly!
You are too injured to fight recklessly!
You are too injured to fight recklessly!
The orc wizard gestures at itself while chanting.
The orc wizard flickers and vanishes!
Deactivating autopickup; reactivate with Ctrl-A.
The orc priest looks braver for a moment.
A ball python comes into view.
The ball python hisses angrily.
You hear some strange, mumbled words.
You are confused.
You bump into the rock wall.
The ball python closely misses you. The ball python grabs you.
The ball python constricts you.
The orc priest calls down the wrath of Beogh upon you.
Beogh smites you!
You die...

###.####.#........
#..........#..#.#.
.................#
....####.###.##.##
#.######.##...#.#
#...........#...#
#..#####.##.>.#.##
#S.# #.###...<.. #@.#
#.# ##..... # #..#
#.####.#.#.
#.##So#####.##.....#.
#...........##.#.###.
####..########.#.....
#..# #)###### #..#
#.##.... #.#####o.#
#.##.### #........#
#.##.###


You could see an orc priest, an adder, an orc and a ball python.

Vanquished Creatures
  An endoplasm (D:1)
  A hobgoblin (D:1)
  7 jackals (D:1)
  5 kobolds
  A quokka (D:1)
  3 ball pythons (D:1)
  2 bats
  3 frilled lizards (D:1)
  2 rats (D:1)
25 creatures vanquished.

Notes
Turn   | Place    | Note
-------+----------+-------------------------------------------
     0 | D:1      | DarkShadow the Minotaur Fighter began the quest for the
                  | Orb.
     0 | D:1      | Reached XP level 1. HP: 19/19 MP: 0/0
    86 | D:1      | Found Joatye's Jewellery Emporium.
   111 | D:1      | Found Kujer's Armour Emporium.
   128 | D:1      | Reached XP level 2. HP: 27/27 MP: 1/1
   229 | D:1      | Found Vear's Weapon Shop.
   666 | D:1      | Found Podohite's Jewellery Shoppe.
   812 | D:1      | Found a faded altar of an unknown god.
  1160 | D:2      | Killed from afar by an orc priest

Illustrated notes

Levels and vault maps discovered:
D:1:      heliophobic_arrival_dark_side_of_the_moon, layout_basic, serial_shops,
          shop, shop, shop, shop_statue, hellmonk_ecumenical_altar_arch_garden
D:2:      layout_loops_ring, nicolae_underground_beach

Skill      XL: |  1  2 |
---------------+-------+-----
Axes           | 3 |  3.2
Armour         | 4 |  4.0
Shields        | 4 |  4.0
Fighting       | |  3.9

Action                   || total
-------------------------++-------
Melee: War axe           ||    50
       Headbutt          ||     7
Armor: Scale mail        ||    18
Dodge: Dodged            ||    19
Block: Kite shield       ||    27

Table legend: (Time is in decaauts)
 A = Elapsed time spent in this place.
 B = Non-inter-level travel time spent in this place.
 C = Inter-level travel time spent in this place.
 D = Time resting spent in this place.
 E = Time spent auto-exploring this place.
 F = Levels seen in this place.
 G = Mean time per level.
                   A        B        C        D        E       F      G
               +--------+--------+--------+--------+--------+-----+--------+
         Total |   1189 |   1123 |     66 |      0 |    976 |   2 |  594.5 |
       Dungeon |   1189 |   1123 |     66 |      0 |    976 |   2 |  594.5 |
               +--------+--------+--------+--------+--------+-----+--------+

Top non-repeatable levels by time:
     D:1: 1012 daAuts
     D:2: 176 daAuts
